SL
NASHVILLE OUTLAWS @ SEATTLE AVIATORS
07/20/2034
 
TOP OF THE 1ST
Nashville Outlaws batting - Pitching for Seattle Aviators : LHP Luqman Barcoo
Pitching: LHP Luqman Barcoo
Batting: RHB Elia Amberezzio 0-0: Ball
1-0: Ball
2-0: Called Strike
2-1: Foul Ball, location: 2F
2-2: Foul Ball, location: 2F
2-2: Foul Ball, location: 2F
2-2: Strikes out swinging, 2-3 out at first.
Batting: RHB Orlando Reyes 0-0: SINGLE (Line Drive, 8LS)
Batting: LHB Mario Ramos 0-0: Called Strike
0-1: Ball
1-1: Ground out U3 (Groundball, 3)
Orlando Reyes to second
Batting: RHB Arnold Giroux 0-0: Foul Ball, location: 2F
0-1: Ball
1-1: Foul Ball, location: 2F
1-2: Ball
2-2: SINGLE (Flyball, 89M)
Orlando Reyes to third
Runner from 3rd tries for Home, SAFE, no throw
Batting: RHB Scott Donlan 0-0: Fly out, F7 (Flyball, 7D)
Top of the 1st over - 1 run, 2 hits, 0 errors, 1 left on base; Nashville 1 - Seattle 0
BOTTOM OF THE 1ST
Seattle Aviators batting - Pitching for Nashville Outlaws : RHP Ángel Rosas
Pitching: RHP Ángel Rosas
Batting: SHB Nuygen Vuong 0-0: Called Strike
0-1: Foul Ball, location: 2F
0-2: Ball
1-2: Ball
2-2: Foul Ball, location: 2F
2-2: Ground out 4-3 (Groundball, 34D)
Batting: SHB Paul Wite 0-0: Swinging Strike
0-1: Ball
1-1: Called Strike
1-2: Ball
2-2: Ball
3-2: Fly out, F9 (Flyball, 9S)
Batting: LHB Kenny Webster 0-0: SOLO HOME RUN (Flyball, 78XD), Distance : 369 ft
Batting: LHB Yataro Kodo 0-0: Called Strike
0-1: Ball
1-1: Called Strike
1-2: Hit by Pitch
Batting: RHB Walt Miller 0-0: Fly out, F4 (Popup, 34)
Bottom of the 1st over - 1 run, 1 hit, 0 errors, 1 left on base; Nashville 1 - Seattle 1
TOP OF THE 2ND
Nashville Outlaws batting - Pitching for Seattle Aviators : LHP Luqman Barcoo
Batting: LHB Bora Garasanin 0-0: SINGLE (Groundball, 4MD)
Batting: LHB Nathan Tanner 0-0: Foul Ball, location: 2F
0-1: Foul Ball, location: 2F
0-2: Ball
1-2: Foul Ball, location: 2F
1-2: Ball
2-2: Fly out, F8 (Flyball, 8LXD)
Batting: RHB Greg Schiff 0-0: Ball
1-0: Ball
2-0: Called Strike
2-1: Called Strike
2-2: Ball
3-2: Foul Ball, location: 2F
3-2: Strikes out looking
Batting: LHB Juan Caro 0-0: Called Strike
0-1: Ground out 4-3 (Groundball, 4)
Top of the 2nd over - 0 runs, 1 hit, 0 errors, 1 left on base; Nashville 1 - Seattle 1
BOTTOM OF THE 2ND
Seattle Aviators batting - Pitching for Nashville Outlaws : RHP Ángel Rosas
Batting: RHB Albert Zamudio 0-0: Called Strike
0-1: Fly out, F8 (Line Drive, 8RD)
Batting: RHB Andrés López 0-0: Foul Ball, location: 2F
0-1: Ball
1-1: Ground out 6-3 (Groundball, 6)
Batting: LHB Pedro Corona 0-0: Called Strike
0-1: Swinging Strike
0-2: Foul Ball, location: 2F
0-2: Foul Ball, location: 2F
0-2: Foul Ball, location: 2F
0-2: Ball
1-2: Fly out, F9 (Flyball, 9S)
Bottom of the 2nd over - 0 runs, 0 hits, 0 errors, 0 left on base; Nashville 1 - Seattle 1
TOP OF THE 3RD
Nashville Outlaws batting - Pitching for Seattle Aviators : LHP Luqman Barcoo
Batting: RHB Elia Amberezzio 0-0: Called Strike
0-1: SINGLE (Groundball, 6D)
Batting: RHB Orlando Reyes 0-0: Ball
1-0: Ball
2-0: Grounds into double play, 4-6-3 (Groundball, 4)
Batting: LHB Mario Ramos 0-0: Foul Ball, location: 2F
0-1: Ground out U3 (Groundball, 3L)
Top of the 3rd over - 0 runs, 1 hit, 0 errors, 0 left on base; Nashville 1 - Seattle 1
BOTTOM OF THE 3RD
Seattle Aviators batting - Pitching for Nashville Outlaws : RHP Ángel Rosas
Batting: LHB Del Truscott 0-0: Swinging Strike
0-1: Ball
1-1: Called Strike
1-2: Strikes out swinging
Batting: SHB Nuygen Vuong 0-0: Ball
1-0: Ball
2-0: Called Strike
2-1: Swinging Strike
2-2: Ground out 4-3 (Groundball, 4)
Batting: SHB Paul Wite 0-0: Ball
1-0: SINGLE (Line Drive, 34)
Batting: LHB Kenny Webster 0-0: Called Strike
Paul Wite is caught stealing 2nd base
Bottom of the 3rd over - 0 runs, 1 hit, 0 errors, 0 left on base; Nashville 1 - Seattle 1
TOP OF THE 4TH
Nashville Outlaws batting - Pitching for Seattle Aviators : LHP Luqman Barcoo
Batting: RHB Arnold Giroux 0-0: Swinging Strike
0-1: Ground out 3-1 (Groundball, 34)
Batting: RHB Scott Donlan 0-0: Called Strike
0-1: Foul Ball, location: 2F
0-2: Ball
1-2: Ball
2-2: Foul Ball, location: 2F
2-2: Fly out, F8 (Flyball, 8RM)
Batting: LHB Bora Garasanin 0-0: Foul Ball, location: 2F
0-1: Foul Ball, location: 2F
0-2: Strikes out looking
Top of the 4th over - 0 runs, 0 hits, 0 errors, 0 left on base; Nashville 1 - Seattle 1
BOTTOM OF THE 4TH
Seattle Aviators batting - Pitching for Nashville Outlaws : RHP Ángel Rosas
Batting: LHB Kenny Webster 0-0: SOLO HOME RUN (Flyball, 9LD), Distance : 320 ft
Batting: LHB Yataro Kodo 0-0: Called Strike
0-1: Ball
1-1: Foul Ball, location: 2F
1-2: Ground out 4-3 (Groundball, 4)
Batting: RHB Walt Miller 0-0: Fly out, F7 (Flyball, 7S)
Batting: RHB Albert Zamudio 0-0: Called Strike
0-1: Ball
1-1: Foul Ball, location: 2F
1-2: Strikes out swinging
Bottom of the 4th over - 1 run, 1 hit, 0 errors, 0 left on base; Nashville 1 - Seattle 2
TOP OF THE 5TH
Nashville Outlaws batting - Pitching for Seattle Aviators : LHP Luqman Barcoo
Batting: LHB Nathan Tanner 0-0: Called Strike
0-1: Ball
1-1: Called Strike
1-2: DOUBLE (Line Drive, 89XD)
Batting: RHB Greg Schiff 0-0: Swinging Strike
0-1: DOUBLE (Flyball, 9LM)
Nathan Tanner scores
Batting: LHB Juan Caro 0-0: Called Strike
0-1: Ball
1-1: Ball
2-1: Called Strike
2-2: Ball
3-2: Foul Ball, location: 2F
3-2: Base on Balls
Batting: RHB Elia Amberezzio 0-0: Sac Bunt - play at first, batter OUT! 1-4
Greg Schiff to third
Juan Caro to second
Batting: RHB Orlando Reyes 0-0: Called Strike
0-1: Ball
1-1: Swinging Strike
1-2: Ground out 6-3 (Groundball, 6)
Batting: LHB Mario Ramos 0-0: Ball
1-0: Called Strike
1-1: Ball
2-1: Foul Ball, location: 2F
2-2: Foul Ball, location: 2F
2-2: Strikes out swinging
Top of the 5th over - 1 run, 2 hits, 0 errors, 2 left on base; Nashville 2 - Seattle 2
BOTTOM OF THE 5TH
Seattle Aviators batting - Pitching for Nashville Outlaws : RHP Ángel Rosas
Batting: RHB Andrés López 0-0: Ball
1-0: Foul Ball, location: 2F
1-1: Ball
2-1: Ground out 5-3 (Groundball, 5)
Batting: LHB Pedro Corona 0-0: Foul Ball, location: 2F
0-1: Swinging Strike
0-2: Ball
1-2: Fly out, F6 (Line Drive, 6M)
Batting: LHB Del Truscott 0-0: Ball
1-0: Ball
2-0: Called Strike
2-1: Ball
3-1: Ground out 4-3 (Groundball, 4)
Bottom of the 5th over - 0 runs, 0 hits, 0 errors, 0 left on base; Nashville 2 - Seattle 2
TOP OF THE 6TH
Nashville Outlaws batting - Pitching for Seattle Aviators : LHP Luqman Barcoo
Batting: RHB Arnold Giroux 0-0: Ball
1-0: Called Strike
1-1: Foul Ball, location: 2F
1-2: Fly out, F7 (Flyball, 7D)
Batting: RHB Scott Donlan 0-0: Ball
1-0: Ball
2-0: Swinging Strike
2-1: Ball
3-1: SINGLE (Line Drive, 9S)
Batting: LHB Bora Garasanin 0-0: Called Strike
0-1: Ball
1-1: SINGLE (Groundball, 3) (infield hit)
Scott Donlan to second
Batting: LHB Nathan Tanner 0-0: Called Strike
0-1: Ball
1-1: Swinging Strike
1-2: Strikes out swinging
Pitching: RHP Júlio Gutiérrez
Batting: RHB Greg Schiff 0-0: Ball
1-0: Ball
2-0: Ball
3-0: Called Strike
3-1: Swinging Strike
3-2: Base on Balls
Scott Donlan to third
Bora Garasanin to second
Batting: LHB Juan Caro 0-0: Ball
1-0: Ball
2-0: Fly out, F9 (Flyball, 9LMF)
Top of the 6th over - 0 runs, 2 hits, 0 errors, 3 left on base; Nashville 2 - Seattle 2
BOTTOM OF THE 6TH
Seattle Aviators batting - Pitching for Nashville Outlaws : RHP Ángel Rosas
Batting: SHB Nuygen Vuong 0-0: Ball
1-0: Swinging Strike
1-1: Called Strike
1-2: Ground out U3 (Groundball, 3L)
Batting: SHB Paul Wite 0-0: Called Strike
0-1: Ground out 5-3 (Groundball, 56S)
Batting: LHB Kenny Webster 0-0: Ball
1-0: Foul Ball, location: 2F
1-1: Ball
2-1: Foul Ball, location: 2F
2-2: Strikes out looking
Bottom of the 6th over - 0 runs, 0 hits, 0 errors, 0 left on base; Nashville 2 - Seattle 2
TOP OF THE 7TH
Nashville Outlaws batting - Pitching for Seattle Aviators : RHP Júlio Gutiérrez
Batting: RHB Elia Amberezzio 0-0: Ball
1-0: Ball
2-0: Ball
3-0: Called Strike
3-1: Base on Balls
Batting: RHB Orlando Reyes 0-0: Ground out 5-3 (Groundball, 56)
Elia Amberezzio to second
Batting: LHB Mario Ramos 0-0: Intentional Walk
Batting: RHB Arnold Giroux 0-0: Called Strike
0-1: Called Strike
0-2: Ball
1-2: Foul Ball, location: 2F
1-2: Strikes out swinging
Batting: RHB Scott Donlan 0-0: Called Strike
0-1: Swinging Strike
0-2: Strikes out looking
Top of the 7th over - 0 runs, 0 hits, 0 errors, 2 left on base; Nashville 2 - Seattle 2
BOTTOM OF THE 7TH
Seattle Aviators batting - Pitching for Nashville Outlaws : RHP Ángel Rosas
Batting: LHB Yataro Kodo 0-0: Called Strike
0-1: Hit by Pitch
Batting: RHB Walt Miller 0-0: Ball
1-0: SINGLE (Line Drive, 8LS)
Yataro Kodo to second
Batting: RHB Albert Zamudio 0-0: Called Strike
0-1: Ball
1-1: Sac Bunt - play at first, batter OUT! 2-3
Yataro Kodo to third
Walt Miller to second
Batting: RHB Andrés López 0-0: Swinging Strike
0-1: Swinging Strike
0-2: Foul Ball, location: 2F
0-2: Ground out 5-3 (Groundball, 56)
Batting: LHB Pedro Corona 0-0: Ball
1-0: Called Strike
1-1: Swinging Strike
1-2: Strikes out swinging
Bottom of the 7th over - 0 runs, 1 hit, 0 errors, 2 left on base; Nashville 2 - Seattle 2
TOP OF THE 8TH
Nashville Outlaws batting - Pitching for Seattle Aviators : RHP Júlio Gutiérrez
Batting: LHB Bora Garasanin 0-0: Ball
1-0: Ground out 4-3 (Groundball, 34)
Batting: LHB Nathan Tanner 0-0: Called Strike
0-1: Ground out 4-3 (Groundball, 4)
Batting: RHB Greg Schiff 0-0: Ball
1-0: Swinging Strike
1-1: Ball
2-1: Called Strike
2-2: Strikes out swinging
Top of the 8th over - 0 runs, 0 hits, 0 errors, 0 left on base; Nashville 2 - Seattle 2
BOTTOM OF THE 8TH
Seattle Aviators batting - Pitching for Nashville Outlaws : RHP Ángel Rosas
Batting: LHB Del Truscott 0-0: Ball
1-0: Ball
2-0: Called Strike
2-1: Foul Ball, location: 2F
2-2: Strikes out swinging
Batting: SHB Nuygen Vuong 0-0: Ball
1-0: SINGLE (Flyball, 78S)
Pitching: RHP Bryan Tuff
Batting: SHB Paul Wite 0-0: Called Strike
0-1: Ball
Nuygen Vuong steals 2nd base
1-1: Called Strike
1-2: Ball
2-2: Foul Ball, location: 2F
2-2: Ball
3-2: Ground out 6-3 (Groundball, 6M)
Nuygen Vuong to third
Batting: LHB Kenny Webster 0-0: Ball
1-0: Ball
2-0: Called Strike
2-1: Ball
3-1: Fly out, F3 (Popup, 3)
Bottom of the 8th over - 0 runs, 1 hit, 0 errors, 1 left on base; Nashville 2 - Seattle 2
TOP OF THE 9TH
Nashville Outlaws batting - Pitching for Seattle Aviators : RHP Júlio Gutiérrez
Pitching: LHP Holden Rosen Grupp
Batting: LHB Juan Caro 0-0: Swinging Strike
0-1: Called Strike
0-2: Strikes out swinging
Batting: RHB Elia Amberezzio 0-0: Called Strike
0-1: Ball
1-1: Foul Ball, location: 2F
1-2: Ball
2-2: Ball
3-2: Foul Ball, location: 2F
3-2: Ground out 5-3 (Groundball, 56)
Batting: RHB Orlando Reyes 0-0: SINGLE (Flyball, 7LS)
Batting: LHB Mario Ramos 0-0: Ball
1-0: Ball
2-0: Swinging Strike
2-1: Called Strike
2-2: Strikes out looking
Top of the 9th over - 0 runs, 1 hit, 0 errors, 1 left on base; Nashville 2 - Seattle 2
BOTTOM OF THE 9TH
Seattle Aviators batting - Pitching for Nashville Outlaws : RHP Bryan Tuff
Batting: LHB Yataro Kodo 0-0: Ground out U3 (Groundball, 34)
Batting: RHB Walt Miller 0-0: Ball
1-0: Called Strike
1-1: Ground out 5-3 (Groundball, 56S)
Batting: RHB Albert Zamudio 0-0: Ball
1-0: Called Strike
1-1: Foul Ball, location: 2F
1-2: Foul Ball, location: 2F
1-2: Strikes out swinging
Bottom of the 9th over - 0 runs, 0 hits, 0 errors, 0 left on base; Nashville 2 - Seattle 2
TOP OF THE 10TH
Nashville Outlaws batting - Pitching for Seattle Aviators : LHP Holden Rosen Grupp
Batting: RHB Arnold Giroux 0-0: Swinging Strike
0-1: Ball
1-1: SINGLE (Groundball, 2R) (infield hit)
Batting: RHB Scott Donlan 0-0: Called Strike
0-1: Called Strike
0-2: Foul Ball, location: 2F
0-2: Strikes out swinging
Batting: LHB Bora Garasanin 0-0: Ball
1-0: Called Strike
1-1: Swinging Strike
1-2: Foul Ball, location: 2F
1-2: Ball
2-2: Ball
3-2: SINGLE (Groundball, 34D)
Arnold Giroux to second
Runner from 2nd tries for 3rd, SAFE, no throw
Pitching: RHP Zach Rediker
Batting: LHB Nathan Tanner 0-0: Grounds into double play, 6-4-3 (Groundball, 6)
Top of the 10th over - 0 runs, 2 hits, 0 errors, 1 left on base; Nashville 2 - Seattle 2
BOTTOM OF THE 10TH
Seattle Aviators batting - Pitching for Nashville Outlaws : RHP Bryan Tuff
Pitching: RHP Jorge Villanueva
Batting: RHB Andrés López 0-0: Swinging Strike
0-1: Ball
1-1: Ball
2-1: Swinging Strike
2-2: Ball
3-2: Base on Balls
Batting: LHB Pedro Corona 0-0: Ball
1-0: Ground out 4-3 (Groundball, 34D)
Andrés López to second
Batting: LHB Del Truscott 0-0: Ball
1-0: Fly out, F7 (Line Drive, 78S)
Batting: SHB Nuygen Vuong 0-0: Ball
1-0: Ball
2-0: Ball
3-0: Base on Balls
Batting: SHB Paul Wite 0-0: Ball
1-0: Ball
2-0: Ball
3-0: Base on Balls
Andrés López to third
Nuygen Vuong to second
Batting: LHB Kenny Webster 0-0: Ball
1-0: Swinging Strike
1-1: Ball
2-1: Foul Ball, location: 2F
2-2: Ball
3-2: Foul Ball, location: 2F
3-2: Base on Balls
Andrés López scores
Nuygen Vuong to third
Paul Wite to second
Friday, March 29th, 2019 - OOTP Baseball 18.8 Build 76